 Dungeon Crawl Stone Soup version 0.30-a0-364-gf6b3ef1049 (webtiles) character file.

Game seed: 12005191624127627627

55 Ijustatesigmund the Magician (level 3, 0/17 HPs)
             Began as a Deep Elf Fire Elementalist on Nov 15, 2022.
             Slain by a goblin
             ... wielding a +0 club
              (2 damage)
             ... on level 2 of the Dungeon.
             The game lasted 00:02:41 (1442 turns).

Ijustatesigmund the Magician (DEFE)                 Turns: 1442, Time: 00:02:42

Health: 0/17       AC:  2    Str:  5    XL:     3   Next: 67%
Magic:  2/10       EV: 12    Int: 27    God:
Gold:   83         SH:  0    Dex: 15    Spells: 7/10 levels left

rFire   . . .      SeeInvis .    d - +0 dagger (elec)
rCold   . . .      Faith    .    (no shield)
rNeg    . . .      Spirit   .    a - +0 robe
rPois   .          Reflect  .    (no helmet)
rElec   .          Harm     .    (no cloak)
rCorr   .          Rampage  .    (no gloves)
Will    .....                    (no boots)
Stlth   ++........               (no amulet)
HPRegen 0.22/turn                h - +6 ring of intelligence
MPRegen 0.12/turn                (no ring)

@: very slightly contaminated
A: frail 1
a: no special abilities


You were on level 2 of the Dungeon.
You visited 1 branch of the dungeon, and saw 2 of its levels.

You collected 83 gold pieces.

Inventory:

Hand Weapons
 d - a +0 dagger of electrocution (weapon)
Armour
 a - a +0 robe (worn)
Jewellery
 h - a +6 ring of intelligence (left hand)
Scrolls
 c - a scroll of summoning {unknown}
 f - 3 scrolls of identify {unknown}
 g - 4 scrolls of amnesia {unknown}
 k - a scroll of silence {unknown}
Potions
 b - a potion of magic
 e - a potion of mutation
 i - a potion of attraction {unknown}
 j - a potion of curing {unknown}


   Skills:
 - Level 2.4 Dodging
 - Level 2.4 Stealth
 + Level 4.0 Spellcasting
 + Level 2.4 Conjurations
 + Level 4.0 Fire Magic


You had 7 spell levels left.
You knew the following spells:

 Your Spells              Type           Power      Damage    Failure   Level
a - Foxfire               Conj/Fire      88%        2x1d8     2%          1
b - Scorch                Fire           54%        2d7       2%          2

Your spell library contained the following spells:

 Spells                   Type           Power      Damage    Failure   Level
 Inner Flame              Hex/Fire       16%        N/A       11%         3
 Kindle Blastsparks       Fire/Tloc/Air  24%        2d12      14%         3
 Flame Wave               Conj/Fire      22%        2d8       22%         4


Dungeon Overview and Level Annotations

Branches:
Dungeon (2/15)

Altars:


Innate Abilities, Weirdness & Mutations

You are frail. (-10% HP)


Message History

Your Spellcasting skill increases to level 4!
Your Fire Magic skill increases to level 4!
Casting: Foxfire (safe; 2% risk of failure)
Confirm with . or Enter, or press ? or * to list all spells.
Flames lash the quokka.
The quokka is severely wounded.
The quokka's fire resistance burns away.
You feel sick. The quokka bites you.
The giant cockroach waves its antennae.
The quokka misses you.
You feel sick. The quokka closely misses you. The goblin closely misses you.
You feel sick.
Okay, then.
You barely miss the quokka.
The quokka is severely wounded.
You feel sick.
You are no longer poisoned.
The quokka is no longer more vulnerable to fire.
The quokka bites you but does no damage.
The goblin hits you but does no damage.
Casting: Scorch (safe; 2% risk of failure)
Confirm with . or Enter, or press ? or * to list all spells.
You miscast Scorch.
You are very lightly contaminated with residual magic.
Nothing appears to happen.
The quokka barely misses you. The goblin hits you with a +0 club.
Casting: Scorch (safe; 2% risk of failure)
Confirm with . or Enter, or press ? or * to list all spells.
Flames lash the goblin.
The goblin is severely wounded.
The goblin's fire resistance burns away.
The quokka barely misses you. The quokka bites you.
The goblin hits you with a +0 club.
* * * LOW HITPOINT WARNING * * *
The quokka completely misses you. The goblin hits you with a +0 club.
* * * LOW HITPOINT WARNING * * *
It was a potion of mutation.
You feel extremely strange.
You feel frail. The quokka closely misses you.
The goblin hits you with a +0 club.
You die...

.#.#..##.........
.#.#....#....... ..
....##...####### .# .
..#............# .. ..
..###....#####.## .# ##.
...####...####..# .# #(#.
............###.# .#.###.
...######.### #.##.......
....## #.# #.@rB#
###..####.#######g.......
##.#.........##........
#...[.......##########
###.........# ###########


You could see a quokka, a giant cockroach and a goblin (combustible).

Vanquished Creatures
  An adder (D:2)
  6 ball pythons
  6 bats
  4 endoplasms
  3 giant cockroaches
  3 goblins
  5 hobgoblins
  2 jackals (D:1)
  A quokka (D:1)
  5 frilled lizards
  3 kobolds
  3 rats
42 creatures vanquished.

Vanquished Creatures (collateral kills)
  A foxfire (D:1)
1 creature vanquished.

Vanquished Creatures (others)
  104 foxfires
  A plant (D:1)
105 creatures vanquished.

Grand Total: 148 creatures vanquished

Notes
Turn   | Place    | Note
-------+----------+-------------------------------------------
     0 | D:1      | Ijustatesigmund the Deep Elf Fire Elementalist began the
                  | quest for the Orb.
     0 | D:1      | Reached XP level 1. HP: 10/10 MP: 6/6
   256 | D:1      | Reached XP level 2. HP: 15/15 MP: 2/8
   388 | D:1      | Learned a level 2 spell: Scorch
   792 | D:1      | Found a faded altar of an unknown god.
   896 | D:2      | Reached XP level 3. HP: 19/19 MP: 7/10
  1442 | D:2      | Gained mutation: You are frail. (-10% HP) [potion of
                  | mutation]
  1442 | D:2      | Slain by a goblin

Illustrated notes

Levels and vault maps discovered:
D:1:      denvon_arrival_planthouse, layout_rooms,
          hellmonk_ecumenical_altar_leap_of_faith
D:2:      layout_rooms, minivault_25, minmay_surrounded

Skill      XL: |  1  2  3 |
---------------+----------+-----
Conjurations   | 2 |  2.4
Spellcasting   | 4 |  4.0
Fire Magic     | 4 |  4.0
Dodging        | |  2.4
Stealth        | |  2.4

Action                   || total
-------------------------++-------
Melee: Dagger            ||     7
 Cast: Foxfire           ||    59
       Scorch            ||     2
  Use: Potion            ||     1
Armor: Robe              ||     8
Dodge: Dodged            ||    17

Table legend: (Time is in decaauts)
 A = Elapsed time spent in this place.
 B = Non-inter-level travel time spent in this place.
 C = Inter-level travel time spent in this place.
 D = Time resting spent in this place.
 E = Time spent auto-exploring this place.
 F = Levels seen in this place.
 G = Mean time per level.
                   A        B        C        D        E       F      G
               +--------+--------+--------+--------+--------+-----+--------+
         Total |   1441 |   1352 |     89 |    180 |    959 |   2 |  720.5 |
       Dungeon |   1441 |   1352 |     89 |    180 |    959 |   2 |  720.5 |
               +--------+--------+--------+--------+--------+-----+--------+

Top non-repeatable levels by time:
     D:1: 955 daAuts
     D:2: 486 daAuts
